 Dungeon Crawl Stone Soup version 0.30-b1-2-g02819fbbbe (webtiles) character file.

Game seed: 5160385795314485628

831 Mesmaeker13 the Shooter (level 7, -12/59 HPs)
             Began as a Barachi Hunter on Aug 4, 2023.
             Mangled by Duvessa
             ... wielding a +0 short sword
              (18 damage)
             ... on level 3 of the Dungeon.
             The game lasted 00:09:16 (5129 turns).

Mesmaeker13 the Shooter (Barachi Hunter)            Turns: 5129, Time: 00:09:16

Health: -12/59     AC:  6    Str: 12    XL:     7   Next: 98%
Magic:  16/16      EV: 14    Int: 10    God:
Gold:   257        SH:  0    Dex: 17    Spells: 6/6 levels left

rFire   + . .        e - +1 dagger (venom)
rCold   x . .        (no shield)
rNeg    . . .        c - +0 leather armour
rPois   .            h - +0 helmet
rElec   .            (no cloak)
rCorr   .            r - +1 pair of gloves
SInv    .            (no boots)
Will    .....        (no amulet)
Stlth   ++           x - ring of fire
HPRegen 0.29/turn    u - ring of magical power
MPRegen 0.15/turn

%: no passive effects
@: unable to hop, slow
A: amphibious, slowness 1, strong legs 1, +LOS
a: Hop


You were on level 3 of the Dungeon.
You visited 1 branch of the dungeon, and saw 7 of its levels.

You collected 257 gold pieces.

Inventory:

Hand Weapons
 a - a +0 shortbow
 e - a +1 dagger of venom (weapon)
 m - a +1 whip of flaming
Missiles
 f - 4 poisoned darts (quivered)
Armour
 c - a +0 leather armour (worn)
 h - a +0 helmet (worn)
 r - a +1 pair of gloves (worn)
Jewellery
 u - a ring of magical power (right hand)
 x - a ring of fire (left hand)
Wands
 p - a wand of flame (23)
 y - a wand of charming (3)
Scrolls
 b - 2 scrolls of immolation
 q - a scroll of enchant weapon {unknown}
 z - a scroll of vulnerability
 A - a scroll of silence {unknown}
Potions
 d - a potion of attraction {unknown}
 g - a potion of experience {unknown}
 n - a potion of might {unknown}
 o - 3 potions of curing
 t - a potion of degeneration {unknown}
 v - a potion of mutation {unknown}
 w - 2 potions of haste
 C - a potion of berserk rage {unknown}


   Skills:
 + Level 6.4 Fighting
 + Level 6.4 Ranged Weapons
 + Level 5.8 Dodging
 - Level 0.8 Stealth


You had 6 spell levels left.
You didn't know any spells.
Your spell library contained the following spells:

 Spells                   Type           Power      Damage    Failure   Level
 Call Canine Familiar     Summ           0%         N/A       82%         3
 Portal Projectile        Hex/Tloc       0%         N/A       82%         3
 Leda's Liquefaction      Hex/Erth       0%         N/A       99%         4


Dungeon Overview and Level Annotations

Branches:
Dungeon (7/15)             Temple (0/1) D:4

Altars:
Uskayaw

Portals:
Abyss: D:5

Annotations:
D:3 Duvessa
D:5 2 transporters, carontestyx's ghost, amateur MiDe


Innate Abilities, Weirdness & Mutations

You are amphibious.
You cover ground slowly.
You can hop short distances.
You have an extended range of vision and can be seen from far away.


Message History

Duvessa hits you with a +0 short sword. Duvessa closely misses you.
Hop to where?
Press: ? - help, Dir - move target Boing!
Duvessa attacks as you move away! Duvessa hits you with a +0 short sword!
Duvessa hits you with a +0 short sword.
You see here a +0 long sword.
Duvessa misses you.
There is a stone staircase leading up here.
Duvessa misses you.
You climb upwards.
There is a stone staircase leading down here.
Unknown command.
As you read the scroll labelled PEUWAE TEPAID, it crumbles to dust.
The scroll dissolves into smoke.
It was a scroll of fog.
Duvessa hits you with a +0 short sword!
* * * LOW HITPOINT WARNING * * *
Duvessa completely misses you.
Things that are here:
a +0 hand axe; an orc skeleton
Okay, then.
You hit Duvessa but do no damage.
Duvessa is poisoned.
Duvessa closely misses you. Duvessa barely misses you.
You hit Duvessa but do no damage.
Duvessa looks even sicker.
Duvessa is lightly wounded.
Duvessa hits you but does no damage.
You hit Duvessa but do no damage.
Duvessa looks as sick as possible!
Duvessa is lightly wounded.
Duvessa closely misses you. Duvessa hits you with a +0 short sword.
* * * LOW HITPOINT WARNING * * *
You hit Duvessa but do no damage.
Duvessa looks as sick as possible!
Duvessa is lightly wounded.
Duvessa hits you with a +0 short sword.
* * * LOW HITPOINT WARNING * * *
You hit Duvessa but do no damage.
Duvessa looks as sick as possible!
Duvessa is lightly wounded.
Duvessa misses you.
Duvessa hits you with a +0 short sword!!
You die...

########..#####.##..........# #.
....#...........##..........####.
....#...........##.............#.
....#...........##..........##.#.
....#...........##..........##.##
....#...........##..........##.##
....#........§§§##.....<....##.##
....#........§.§§#§§........##...
....#.........§§@e§§........##.##
....#.........)###§§........####
....#..........# #..........#
....############ #..........#
##### #..........# ############


You could see Duvessa (berserk, extremely poisoned).

Vanquished Creatures
  3 phantoms
  A bullfrog (D:4)
  A scorpion (D:4)
  2 hounds
  2 jellies
  Ijyb (D:3)
  4 orc wizards
  Robin (D:2)
  5 adders
  2 gnolls (D:5)
  A shadow imp (D:5)
  A white imp (D:5)
  2 ufetubi
  9 orcs
  6 ball pythons
  9 endoplasms
  6 giant cockroaches
  10 goblins
  6 hobgoblins
  3 jackals (D:4)
  4 quokkas
  2 bats (D:1)
  6 frilled lizards
  6 kobolds
  4 rats
97 creatures vanquished.

Vanquished Creatures (collateral kills)
  Dowan (D:5)
  A gnoll (D:5)
  An orc (D:5)
3 creatures vanquished.

Vanquished Creatures (others)
  4 orcs
4 creatures vanquished.

Grand Total: 104 creatures vanquished

Notes
Turn   | Place    | Note
-------+----------+-------------------------------------------
     0 | D:1      | Mesmaeker13 the Barachi Hunter began the quest for the Orb.
     0 | D:1      | Reached XP level 1. HP: 17/17 MP: 1/1
   258 | D:1      | Reached XP level 2. HP: 18/23 MP: 2/2
   711 | D:2      | Reached XP level 3. HP: 29/29 MP: 3/3
   770 | D:2      | HP: 2/43 [poisoned by an adder]
  1336 | D:2      | Reached XP level 4. HP: 29/35 MP: 4/4
  1431 | D:2      | Noticed Robin
  1538 | D:2      | Killed Robin
  1828 | D:3      | Found a hide-covered altar of Uskayaw.
  1828 | D:3      | Noticed a +0 hand axe
  1830 | D:3      | Noticed a +0 hand axe
  1902 | D:3      | Noticed Ijyb
  1920 | D:3      | Killed Ijyb
  2225 | D:3      | Reached XP level 5. HP: 42/42 MP: 5/5
  2532 | D:4      | Reached skill level 5 in Ranged Weapons
  2547 | D:4      | Reached XP level 6. HP: 41/49 MP: 6/6
  2690 | D:4      | Found a staircase to the Ecumenical Temple.
  2735 | D:4      | Reached skill level 5 in Fighting
  3174 | D:5      | Entered Level 5 of the Dungeon
  3212 | D:5      | Found a transporter.
  3255 | D:5      | Noticed a small abomination
  3295 | D:5      | Reached XP level 7. HP: 36/56 MP: 7/7
  3545 | D:5      | Reached skill level 5 in Dodging
  3595 | D:5      | Noticed Duvessa
  3609 | D:5      | Noticed Dowan
  3624 | D:5      | Killed Dowan
  4288 | D:5      | Noticed carontestyx's ghost (amateur MiDe)
  4318 | D:5      | Found a transporter.
  4586 | D:5      | Found a one-way gate to the infinite horrors of the Abyss.
  4972 | D:4      | Identified a scroll of acquirement
  4972 | D:4      | Acquired a +1 longbow of electrocution
  5129 | D:3      | Mangled by Duvessa

Illustrated notes

Levels and vault maps discovered:
D:1:      dpeg_arrival_water_temple_mockup, layout_loops_ring,
          chequers_serial_rivers_small_3
D:2:      layout_basic, uniq_robin
D:3:      layout_basic, dancing_weapons_uskayaw, nrook_loot_triangle, uniq_ijyb
D:4:      layout_cave_pools, minmay_temple_entry_mini_moons
D:5:      layout_basic, gammafunk_ghost_abyssal_escape, uniq_duvessa
D:6:      layout_loops_cross, lemuel_coloured_pillars_altar, serial_glass,
          glass_columns_a, glass_columns_c
D:7:      layout_basic, fedhas_ov_isle_minmay, marbit_many_paths,
          ebering_ghost_reflecting_pool, minmay_fractal_squares_diagonal_5

Skill      XL: |  1  2  3  4  5  6  7 |
---------------+----------------------+-----
Fighting       | 3 4 5 6 |  6.4
Dodging        | 3 4 5 |  5.8
Ranged Weapons | 5 6 |  6.4
Stealth        | |  0.8

Action                     |  1- 3 |  4- 6 |  7- 9 || total
---------------------------+-------+-------+-------++-------
  Melee: Dagger            |    47 |    44 |    38 ||   129
         Punch             |       |     4 |     1 ||     5
         Whip              |       |       |    62 ||    62
   Fire: Shortbow          |    76 |   153 |    18 ||   247
  Throw: Throwing net      |       |       |     1 ||     1
Ability: Hop               |     1 |     2 |     2 ||     5
  Evoke: Wand              |       |     3 |     5 ||     8
    Use: Potion            |     2 |       |     2 ||     4
         Scroll            |       |     4 |     5 ||     9
   Stab: Invisible         |       |       |     2 ||     2
 Armour: Leather armour    |    22 |    42 |    21 ||    85
         Skin              |     2 |       |       ||     2
  Dodge: Dodged            |    40 |    78 |   120 ||   238
